 Dungeon Crawl Stone Soup version 0.27-a0-1147-gb3d8e82157 (webtiles) character file.

Game seed: 17639742815678681854

112 Azzok the Chopper (level 4, -1/35 HPs)
             Began as a Demonspawn Berserker on May 11, 2021.
             Was a Believer of Trog.
             Shot with an arrow by a centaur (13 damage)
             ... on level 5 of the Dungeon.
             The game lasted 00:02:56 (4492 turns).

Azzok the Chopper (Demonspawn Berserker)            Turns: 4492, Time: 00:02:57

Health: -1/35      AC:  5    Str: 25    XL:     4   Next: 63%
Magic:  4/4        EV: 11    Int:  8    God:    Trog [**....]
Gold:   141        SH:  0    Dex: 12    Spells: 3/3 levels left

rFire    . . .     SeeInvis +   a - +0 hand axe
rCold    . . .     Faith    .   (no shield)
rNeg     . . .     Spirit   .   o - +0 ring mail
rPois    .         Reflect  .   (no helmet)
rElec    .         Harm     .   (no cloak)
rCorr    .         Rampage  .   (no gloves)
Will     .....                  (no boots)
Stlth    +.........             (no amulet)
HPRegen  0.11/turn              d - +6 ring of strength
MPRegen  0.09/turn              k - ring of see invisible

@: no status effects
A: claws 1, demonic guardian 1, powered by death 1
a: Renounce Religion, Berserk, Trog's Hand


You were on level 5 of the Dungeon.
You worshipped Trog.
Trog was pleased with you.
You visited 1 branch of the dungeon, and saw 5 of its levels.

You collected 141 gold pieces.

Inventory:

Hand Weapons
 a - a +0 hand axe (weapon)
Armour
 o - a +0 ring mail (worn)
Jewellery
 d - a +6 ring of strength (left claw)
 k - a ring of see invisible (right claw)
Scrolls
 b - a scroll of blinking {unknown}
 c - a scroll of enchant armour {unknown}
 e - a scroll of fog {unknown}
 f - 2 scrolls of identify {unknown}
 g - 2 scrolls of amnesia {unknown}
 h - a scroll of holy word {unknown}
 n - 2 scrolls of magic mapping {unknown}
Potions
 i - 2 potions of ambrosia {unknown}
 j - a potion of haste {unknown}
 l - 2 potions of mutation {unknown}
 m - a potion of brilliance {unknown}
 p - a potion of might {unknown}


   Skills:
 - Level 3.0 Fighting
 + Level 5.0 Axes
 - Level 1.7 Armour
 - Level 1.7 Dodging


You had 3 spell levels left.
You didn't know any spells.
Your spell library was empty.

Dungeon Overview and Level Annotations

Branches:
Dungeon (5/15)
 Temple: D:4-7

Altars:

Shops:
D:2 [


Innate Abilities, Weirdness & Mutations

You have sharp fingernails.
A weak demonic guardian rushes to your aid.
You regenerate a little health from kills.


Message History

You barely miss the goblin.
The goblin is moderately wounded.
The goblin hits you but does no damage.
You hit the goblin.
The goblin is severely wounded.
The goblin hits you but does no damage.
You hit the goblin but do no damage.
The goblin is severely wounded.
The goblin hits you but does no damage.
You slash the goblin!
You kill the goblin!
Trog accepts your kill.
An orc wizard comes into view. It is wielding a +0 dagger.
The orc wizard shouts!
An orc comes into view. It is wielding a +0 flail.
An orc priest comes into view. It is wielding a +0 mace.
You see here a +0 dagger.
There are monsters nearby!
There are monsters nearby!
You see here a +0 club.
The orc wizard gestures at you while chanting.
The magic dart hits you!
There are monsters nearby!
You see here a +0 club.
There is an open door here.
The orc wizard casts a spell at you. The magic dart hits you.
* * * LOW HITPOINT WARNING * * *
There is an open door here.
There is a stone staircase leading down here.
You climb downwards.
You hear the hiss of flowing sand.
There is an entrance to an ossuary on this level.
Hurry and find it before the portal is buried!
A centaur and a skeleton come into view.
The centaur shouts!
Found 10 gold pieces and 26 bolts.
There is a stone staircase leading up here.
The centaur wields a +0 shortbow.
The centaur shoots an arrow.
The arrow hits you!
You die...

▒·▒ Z·· (·· ▒·▒
▒ ·▒· ▒·▒ ·▒
····▒▒▒·▒▒··▒▒·
·········$·····
····c··@▒
····▒▒▒·▒ · ···
▒··▒▒ ····
·▒··▒ ·▒··▒ ▒
▒··▒


You could see a centaur and an adder skeleton.

Vanquished Creatures
  A bullfrog skeleton (D:4)
  2 adders (D:4)
  A dart slug (D:1)
  2 orcs (D:4)
  7 endoplasms
  7 hobgoblins
  7 jackals (D:1)
  2 kobolds
  A quokka (D:1)
  2 ball pythons
  7 bats
  4 frilled lizards
  8 goblins
  4 rats
55 creatures vanquished.

Vanquished Creatures (collateral kills)
  A quokka (D:2)
1 creature vanquished.

Grand Total: 56 creatures vanquished

Notes
Turn   | Place    | Note
-------+----------+-------------------------------------------
     0 | D:1      | Azzok the Demonspawn Berserker began the quest for the Orb.
     0 | D:1      | Reached XP level 1. HP: 18/18 MP: 1/1
   220 | D:1      | Reached skill level 3 in Axes
   449 | D:1      | Gained mutation: You regenerate a little health from kills.
                  | [demonic ancestry]
   449 | D:1      | Reached XP level 2. HP: 24/24 MP: 2/2
   992 | D:1      | Found a faded altar of an unknown god.
  1113 | D:1      | Gained mutation: A weak demonic guardian rushes to your
                  | aid. [demonic ancestry]
  1113 | D:1      | Reached XP level 3. HP: 29/29 MP: 3/3
  1722 | D:2      | Reached skill level 4 in Axes
  1779 | D:2      | Reached ** piety under Trog
  2176 | D:2      | Found Cuycix's Armour Boutique.
  4149 | D:4      | Gained mutation: You have sharp fingernails. [demonic
                  | ancestry]
  4149 | D:4      | Reached XP level 4. HP: 31/35 MP: 4/4
  4458 | D:4      | Reached skill level 5 in Axes
  4491 | D:5      | Entered Level 5 of the Dungeon
  4491 | D:5      | Noticed a centaur
  4492 | D:5      | Shot with an arrow by a centaur

Illustrated notes

Levels and vault maps discovered:
D:1:      dpeg_cavernosity, layout_basic,
          hellmonk_ecumenical_altar_leap_of_faith
D:2:      layout_rooms, serial_co_window_serial, co_window_paths_a,
          co_window_paths_a, co_window_cross_1, co_window_paths_b,
          co_window_corner_a, co_window_paths_b, co_window_corner_a,
          co_window_cross_4, co_window_unsneaky_path_c, co_window_broadway_c,
          co_window_corner_b, co_window_corner_cb, co_window_of_opportunity_c,
          co_window_of_opportunity_c, glass_columns_a, glass_columns_b,
          glass_columns_a, glass_columns_c, glass_columns_a, serial_shops,
          shop_fountains
D:3:      layout_basic, serial_glass, glass_columns_b, glass_columns_c
D:4:      layout_loops_corners, minmay_unequal, uniq_edmund, uniq_natasha
D:5:      layout_basic, minmay_temple_entry_statues_fountains, enter_ossuary_2,
          uniq_menkaure

Skill      XL: |  1  2  3  4 |
---------------+-------------+-----
Axes           | 3 4 5 |  5.0
Fighting       | |  3.0
Armour         | |  1.7
Dodging        | |  1.7

Action                   |  1- 3 |  4- 6 || total
-------------------------+-------+-------++-------
Melee: Hand axe          |   150 |    25 ||   175
Invok: Berserk           |     1 |       ||     1
 Stab: Sleeping          |     1 |       ||     1
Armor: Animal skin       |    32 |       ||    32
       Ring mail         |     6 |     8 ||    14
Dodge: Dodged            |   113 |     8 ||   121

Table legend: (Time is in decaauts)
 A = Elapsed time spent in this place.
 B = Non-inter-level travel time spent in this place.
 C = Inter-level travel time spent in this place.
 D = Time resting spent in this place.
 E = Time spent auto-exploring this place.
 F = Levels seen in this place.
 G = Mean time per level.
                   A        B        C        D        E       F      G
               +--------+--------+--------+--------+--------+-----+--------+
         Total |   4519 |   4189 |    330 |     13 |   3659 |   5 |  903.8 |
       Dungeon |   4519 |   4189 |    330 |     13 |   3659 |   5 |  903.8 |
               +--------+--------+--------+--------+--------+-----+--------+

Top non-repeatable levels by time:
     D:1: 1735 daAuts
     D:2: 1488 daAuts
     D:3: 806 daAuts
     D:4: 487 daAuts
     D:5: 0 daAuts
